Map: Глубоководный риф РВ

Players

ELESTRAGO - Winner!

  • Race: Terran Terran
  • League: Master
  • Spawn Location: 5:00

yantis

  • Race: Zerg Zerg
  • League: Master
  • Spawn Location: 11:00

VOD

https://www.youtube.com/watch?v=r1u2qrPqcHE&feature=gp-n-y&google_comment_id=z13qgrmpvlyhuhwpd04cipuxmr2ixh1y1hw

Description

Time

  • Played on: March 22, 2017, 7:19 a.m.
  • Length: 10:15
Show
View Real Time Build Order
Export as new Build Order

ELESTRAGO Terran - Winner!

Build Orders: Reaper Expand, Bio Mine 

Get SALT Encoding   

  12  0:01  SCV  
  13  0:14  SCV  
  14  0:18  Supply Depot  
  14  0:26  SCV  
  15  0:29  Refinery  
  15  0:40  SCV  
  16  0:45  Barracks  
  16  0:52  SCV  
  17  1:04  SCV  
  18  1:16  SCV  
  19  1:33  Reaper, Orbital Command  
  20  1:46  Command Center  
  20  1:56  Factory  
  20  2:01  SCV  
  21  2:07  Barracks Reactor  
  21  2:12  Refinery  
  21  2:13  SCV  
  22  2:20  Supply Depot  
  22  2:25  SCV  
  23  2:41  SCV  
  24  2:45  Starport  
  24  2:50  Hellion x2  
  28  2:52  Barracks Tech Lab  
  28  2:53  Marine  
  28  2:56  SCV  
  30  3:03  Orbital Command  
  30  3:11  SCV, Barracks Tech Lab  
  31  3:19  Hellion  
  33  3:21  Hellion  
  33  3:24  SCV  
  36  3:36  SCV x2  
  37  3:41  Raven  
  37  3:45  Barracks Tech Lab  
  37  3:48  SCV  
  40  3:49  SCV  
  40  3:53  Supply Depot  
  41  3:58  Supply Depot  
  41  4:02  SCV x2  
  43  4:09  Command Center  
  43  4:14  SCV x2  
  45  4:17  Supply Depot  
  45  4:24  Stimpack  
  45  4:26  SCV, Raven  
  45  4:27  SCV  
  49  4:38  SCV  
  49  4:39  SCV  
  49  4:42  Factory Reactor  
  49  4:44  Barracks  
  51  4:45  Barracks  
  51  4:51  SCV x2  
  53  4:59  Supply Depot, Engineering Bay x2  
  53  5:03  SCV x2  
  55  5:15  SCV x2  
  55  5:17  Refinery  
  55  5:18  Barracks x2, Refinery  
  57  5:22  Starport Reactor  
  57  5:23  Orbital Command  
  57  5:27  SCV  
  57  5:28  SCV  
  59  5:34  Factory Reactor  
  59  5:39  SCV  
  59  5:40  SCV  
  61  5:44  Marine x2  
  61  5:45  Marine  
  61  5:47  Orbital Command, Terran Infantry Armor Level 1, Terran Infantry Weapons Level 1  
  57  5:51  SCV  
  57  6:00  Marine x2, Medivac x2  
  57  6:02  Marine x2  
  57  6:03  SCV x2  
  67  6:15  SCV x2  
  67  6:18  SCV  
  70  6:19  Bunker  
  70  6:20  Marine x2  
  70  6:21  Barracks Reactor x2  
  70  6:22  Marine x3  
  70  6:23  Supply Depot  
  70  6:25  Combat Shields  
  75  6:27  SCV x2  
  75  6:30  SCV  
  75  6:31  Medivac x2  
  82  6:39  SCV  
  83  6:40  SCV  
  83  6:42  SCV  
  85  6:49  Widow Mine x2  
  85  6:50  Marine x5  
  85  6:51  SCV  
  95  6:55  SCV x2  
  95  6:56  Factory  
  95  6:57  Marine x2, Armory  
  95  6:58  Marine  
  95  7:00  Marine  
  101  7:05  Supply Depot  
  101  7:12  Refinery x2  
  101  7:13  Supply Depot  
  101  7:26  Marine, SCV x3, Medivac  
  101  7:27  Marine x2  
  109  7:34  Widow Mine x2  
  109  7:35  Marine x2, Marauder  
  109  7:36  Supply Depot  
  117  7:39  Supply Depot  
  117  7:46  Supply Depot  
  117  7:48  Widow Mine, Supply Depot, SCV x3, Marine  
  117  7:49  Marine x2  
  125  7:53  Drilling Claws  
  125  7:58  Marine x3, Medivac, Marauder  
  132  8:00  Supply Depot, SCV  
  132  8:01  SCV  
  132  8:02  SCV  
  135  8:07  Supply Depot  
  135  8:08  Supply Depot  
  135  8:10  Supply Depot  
  136  8:12  SCV  
  136  8:14  Marine  
  136  8:15  Marine x5  
  136  8:16  Marine  
  145  8:20  Widow Mine, Marauder  
  145  8:21  Widow Mine x2  
  145  8:24  Marine  
  152  8:35  Supply Depot  
  152  8:37  Supply Depot  
  152  8:38  Marine x2  
  152  8:39  Marine x5  
  161  8:41  Marauder  
  155  9:02  Marine x3  
  144  9:03  Marine x2  
  144  9:05  Marine x2, Widow Mine x2  
  144  9:06  Marine x2, Liberator x2  
  144  9:19  Widow Mine, Barracks  
  144  9:20  Marine x2, Command Center, Barracks  
  144  9:22  Barracks  
  144  9:24  Marine  
  155  9:25  Marauder  
  155  9:26  Marine  
  155  9:28  Marine  
  155  9:29  Marine x3  
  162  9:34  Widow Mine x2  
  162  9:38  Marine x2  
  165  9:41  Marine  
  165  9:44  Marine  
  168  9:46  Marauder  
Show
View Real Time Build Order
Export as new Build Order

yantis Zerg 

Build Orders: Hatch First, Muta Ling Bane 

Get SALT Encoding   

  12  0:01  Drone  
  13  0:12  Overlord  
  13  0:17  Drone  
  14  0:30  Drone x2  
  14  0:34  Drone  
  17  0:52  Hatchery  
  17  0:55  Drone  
  17  0:57  Drone  
  18  1:10  Extractor  
  17  1:13  Spawning Pool  
  17  1:16  Drone  
  17  1:19  Drone  
  18  1:28  Drone  
  19  1:44  Overlord  
  19  1:59  Queen  
  19  2:00  Zergling x2  
  22  2:02  Zergling x2  
  22  2:04  Queen  
  25  2:09  Drone  
  25  2:11  Metabolic Boost  
  26  2:16  Drone x2  
  26  2:21  Drone  
  29  2:26  Drone  
  30  2:36  Extractor  
  29  2:41  Overlord  
  30  2:44  Queen  
  30  2:51  Overlord  
  32  2:52  Drone x2  
  32  2:57  Drone  
  35  3:05  Drone x2  
  37  3:11  Drone x2  
  37  3:12  Drone  
  40  3:14  Drone  
  41  3:34  Drone x3  
  44  3:41  Queen  
  44  3:45  Evolution Chamber, Hatchery  
  44  3:52  Drone x3  
  44  3:53  Drone  
  47  3:57  Extractor  
  47  3:58  Drone  
  47  3:59  Drone  
  48  4:17  Spore Crawler  
  48  4:21  Zerg Ground Armor Level 1  
  48  4:22  Queen  
  49  4:30  Zergling x2  
  49  4:31  Zergling x2  
  51  4:32  Overlord x3  
  51  4:33  Overlord  
  51  4:49  Baneling Nest, Drone  
  51  4:54  Zergling x12  
  51  4:55  Zergling x4  
  51  4:59  Zergling x8  
  63  5:03  Queen  
  62  5:15  Drone x2  
  62  5:16  Drone x2  
  62  5:18  Lair  
  66  5:35  Drone x3  
  68  5:36  Drone x6  
  68  5:38  Extractor  
  71  5:48  Drone x7  
  76  5:57  Drone x4  
  79  6:11  Drone  
  79  6:12  Drone x6  
  86  6:22  Extractor, Zerg Melee Weapons Level 1, Centrifical Hooks  
  85  6:26  Overlord  
  85  6:28  Drone  
  85  6:29  Drone  
  87  6:37  Drone x2  
  87  6:38  Overlord x3  
  89  6:41  Extractor x2  
  89  6:44  Spire, Hatchery  
  83  6:48  Drone x2  
  83  6:53  Drone x3  
  82  7:07  Drone  
  83  7:09  Drone x3  
  86  7:16  Drone x5  
  86  7:17  Drone x5  
  96  7:31  Overlord x2  
  96  7:32  Overseer  
  96  7:38  Evolution Chamber  
  95  7:50  Hatchery  
  94  7:55  Mutalisk x5  
  94  7:56  Mutalisk x5  
  94  7:57  Overseer  
  114  8:01  Zerg Flyer Weapons Level 1  
  114  8:02  Zergling x14  
  121  8:20  Drone  
  121  8:21  Drone x7  
  121  8:22  Drone x2  
  121  8:24  Extractor  
  130  8:29  Extractor  
  130  8:32  Baneling x9  
  130  8:33  Baneling  
  130  8:34  Zergling x12  
  135  8:45  Zergling x2  
  135  8:47  Overlord x2  
  136  8:48  Baneling  
  136  8:49  Baneling  
  136  8:52  Hatchery  
  107  9:03  Zergling x10  
  107  9:04  Zergling x24  
  121  9:16  Zergling x2  
  120  9:17  Zergling x10  
  125  9:29  Baneling x3  
  124  9:32  Zergling x10  
  124  9:33  Zergling x4  
  124  9:37  Queen  
  133  9:42  Baneling  
  133  9:43  Zergling x2, Baneling x11  
  133  9:44  Zergling x10  
  122  9:53  Zergling x2  
  122  9:54  Zergling x18  
Tags
 
Add a new tag
Caveats
  • Supply blocks, unpowered buildings, or Contaminate may cause inaccurate times.
  • Supply counts are checked every 10 seconds.